 Dungeon Crawl Stone Soup version 0.30-a0-534-gdc55766716 (webtiles) character file.

Game seed: 11414299727085213532

164 bande the Covered (level 5, -3/33 HPs)
             Began as a Gargoyle Fighter on Dec 25, 2022.
             Slain by Sigmund
             ... wielding a +0 scythe
              (5 damage)
             ... on level 3 of the Dungeon.
             The game lasted 00:03:25 (2263 turns).

bande the Covered (Gargoyle Fighter)                Turns: 2263, Time: 00:03:25

Health: -3/33      AC: 17    Str: 20    XL:     5   Next: 45%
Magic:  5/5        EV:  5    Int:  8    God:
Gold:   111        SH:  4    Dex: 11    Spells: 4/4 levels left

rFire   . . .      SeeInvis .    a - +0 war axe
rCold   . . .      Faith    .    c - +0 buckler
rNeg    + . .      Spirit   .    j - +0 plate armour
rPois   ∞          Reflect  .    (no helmet)
rElec   +          Harm     .    k - +0 cloak
rCorr   .          Rampage  .    (no gloves)
Will    .....                    (no boots) Stlth
                                 (no amulet)
HPRegen 0.25/turn                (no ring)
MPRegen 0.09/turn                (no ring)

@: no status effects
A: sickness immunity, AC +4, negative energy resistance 1, electricity
resistance, torment resistance 1, petrification resistance
a: no special abilities


You were on level 3 of the Dungeon.
You visited 1 branch of the dungeon, and saw 3 of its levels.

You collected 111 gold pieces.

Inventory:

Hand Weapons
 a - a +0 war axe (weapon)
 b - a +0 flail
Armour
 c - a +0 buckler (worn)
 j - a +0 plate armour (worn)
 k - a +0 cloak (worn)
Scrolls
 g - 3 scrolls of identify
 i - a scroll of fog
Potions
 d - 2 potions of might
 e - a potion of ambrosia {unknown}
 f - a potion of resistance


   Skills:
 + Level 3.8 Fighting
 + Level 3.6 Axes
 + Level 4.2 Armour
 + Level 4.1 Shields


You had 4 spell levels left.
You didn't know any spells.
Your spell library contained the following spells:

 Spells                   Type           Power      Damage    Failure   Level
 Sandblast                Erth           0%         2d4       100%        1
 Passwall                 Tmut/Erth      0%         N/A       100%        2
 Stone Arrow              Conj/Erth      0%         3d7       100%        3


Dungeon Overview and Level Annotations

Branches:
Dungeon (3/15)

Altars:
The Shining One

Annotations:
D:3 Sigmund


Innate Abilities, Weirdness & Mutations

You are immune to sickness and miasma.
Your stone body is resilient. (AC +4)
You are immune to poison.
You resist negative energy. (rN+)
You are resistant to electric shocks. (rElec)
You are resistant to unholy torment.
You are immune to petrification.


Message History

No target in view!
No target in view!
No target in view!
No target in view!
No target in view!
Something hits you. Something hits you.
You hit something.
You hear some strange, mumbled words.
You are confused.
You closely miss something. Something hits you but does no damage.
You bump into the rock wall.
You hear some strange, mumbled words.
A magic dart appears from out of thin air!
The magic dart hits you.
You completely miss something. Something hits you but does no damage.
You closely miss something. Something hits you.
You bump into the rock wall.
Something completely misses you.
You closely miss something.
You feel less confused.
You slash something! Something hits you.
You completely miss something. Something hits you.
You hit something but do no damage. Something hits you but does no damage.
You miss something. Something hits you but does no damage.
You closely miss something. Something hits you but does no damage.
You hit something. Something hits you.
You hit something. Something hits you but does no damage.
You miss something.
You hear some strange, mumbled words.
A magic dart appears from out of thin air!
The magic dart hits you.
You barely miss something.
You hear some strange, mumbled words.
A puff of flame appears from out of thin air!
The puff of flame hits you!
* * * LOW HITPOINT WARNING * * *
You miss something. You block something's attack.
You barely miss something. You block something's attack.
You closely miss something. Something hits you.
You die...

#.#
##.########.##
..#
#......).....#
###
#............#
#..#########..
##.#...#..
#.#.#.#.#
#.#.#)#.#
#.#.#†#{#
#####.#.#.#@#
#.....#.#.#.#
#.....#.#.#.#
#.......#...#
#.....#######
#......
#.......
########. ..


There were no monsters in sight!

Vanquished Creatures
  Crazy Yiuf (D:2)
  2 orc wizards (D:3)
  3 adders
  A dart slug (D:3)
  2 orcs (D:3)
  2 ball pythons
  5 endoplasms
  A giant cockroach (D:2)
  8 goblins
  4 hobgoblins
  4 jackals (D:1)
  2 quokkas
  3 bats (D:1)
  3 frilled lizards
  9 kobolds
  6 rats
56 creatures vanquished.

Notes
Turn   | Place    | Note
-------+----------+-------------------------------------------
     0 | D:1      | bande the Gargoyle Fighter began the quest for the Orb.
     0 | D:1      | Reached XP level 1. HP: 14/14 MP: 1/1
   120 | D:1      | Reached XP level 2. HP: 17/19 MP: 2/2
   501 | D:1      | Reached XP level 3. HP: 23/23 MP: 3/3
  1096 | D:2      | Found a faded altar of an unknown god.
  1319 | D:2      | Found a runed translucent door.
  1320 | D:2      | Noticed Crazy Yiuf
  1523 | D:2      | Found a glowing golden altar of the Shining One.
  1727 | D:2      | Killed Crazy Yiuf
  1728 | D:2      | Reached XP level 4. HP: 9/28 MP: 4/4
  2108 | D:3      | Reached XP level 5. HP: 27/33 MP: 5/5
  2241 | D:3      | Noticed Sigmund
  2260 | D:3      | HP: 1/33 [something/puff of flame (9)]
  2263 | D:3      | Slain by Sigmund

Illustrated notes

Levels and vault maps discovered:
D:1:      scummos_arrival_forest, layout_loops_ring, item_on_display_a
D:2:      layout_loops_ring, basic_altar, hellmonk_ecumenical_altar_run_dry,
          uniq_crazy_yiuf_cottage
D:3:      layout_basic, chequers_avenue, minivault_27,
          kennysheep_generic_room_14, uniq_sigmund, uniq_ijyb

Skill      XL: |  1  2  3  4 |
---------------+-------------+-----
Axes           | 2 3 |  3.6
Shields        | 4 |  4.1
Armour         | 4 |  4.2
Fighting       | |  3.8

Action                   |  1- 3 |  4- 6 || total
-------------------------+-------+-------++-------
Melee: War axe           |   143 |    52 ||   195
  Use: Scroll            |       |     6 ||     6
Armor: Scale mail        |    50 |       ||    50
       Plate armour      |    36 |    46 ||    82
Dodge: Dodged            |    63 |    13 ||    76
Block: Buckler           |    44 |     5 ||    49

Table legend: (Time is in decaauts)
 A = Elapsed time spent in this place.
 B = Non-inter-level travel time spent in this place.
 C = Inter-level travel time spent in this place.
 D = Time resting spent in this place.
 E = Time spent auto-exploring this place.
 F = Levels seen in this place.
 G = Mean time per level.
                   A        B        C        D        E       F      G
               +--------+--------+--------+--------+--------+-----+--------+
         Total |   2343 |   2257 |     86 |    335 |   1384 |   3 |  781.0 |
       Dungeon |   2343 |   2257 |     86 |    335 |   1384 |   3 |  781.0 |
               +--------+--------+--------+--------+--------+-----+--------+

Top non-repeatable levels by time:
     D:2: 1047 daAuts
     D:1: 984 daAuts
     D:3: 310 daAuts
